 Dungeon Crawl Stone Soup version 0.29-a0-824-gd827844252 (webtiles) character file.

Game seed: 3075332042841019810

289 gobodom the Conjurer (level 6, -3/46 HPs)
             Began as a Draconian Conjurer on July 10, 2022.
             Was a Plaything of Xom.
             Slain by Duvessa
             ... wielding a +0 short sword
              (15 damage)
             ... on level 4 of the Dungeon.
             The game lasted 00:14:59 (3790 turns).

gobodom the Conjurer (Draconian Conjurer)           Turns: 3790, Time: 00:15:01

Health: -3/46      AC:  7    Str:  9    XL:     6   Next: 9%
Magic:  0/10       EV: 12    Int: 21    God:    Xom [......]
Gold:   293        SH:  0    Dex:  9    Spells: 4/10 levels left

rFire   + . .      SeeInvis .   c - +0 dagger (flame)
rCold   + . .      Faith    .   (no shield)
rNeg    . . .      Spirit   .   (body armour unavailable)
rPois   .          Reflect  .   (helmet restricted)
rElec   .          Harm     .   (no cloak)
rCorr   +          Rampage  .   (no gloves)
Will    .....                   b - +0 pair of boots
Stlth   ++........              (no amulet)
HPRegen 0.15/turn               j - ring of resist corrosion
MPRegen 0.12/turn               (no ring)

@: about to teleport
A: AC +6, unfitting armour, cold-blooded, cold resistance 1, fire resistance 1,
subdued magic 1
a: Renounce Religion


You were on level 4 of the Dungeon.
You worshipped Xom.
You were a very special plaything of Xom.
You visited 1 branch of the dungeon, and saw 4 of its levels.

You collected 293 gold pieces.

Inventory:

Hand Weapons
 c - a +0 dagger of flaming (weapon)
Armour
 b - a +0 pair of boots (worn)
Magical Staves
 a - a staff of poison
 d - a staff of death
 l - a staff of earth
Jewellery
 j - a ring of resist corrosion (left hand)
Scrolls
 e - a scroll of brand weapon {unknown}
 k - a scroll of fog
 o - a scroll of identify
 p - a scroll of poison {unknown}
Potions
 f - 3 potions of haste {unknown}
 g - a potion of curing
 i - a potion of degeneration {unknown}
 m - a potion of flight
 n - a potion of ambrosia


   Skills:
 + Level 0.5 Fighting
 * Level 1.8 Staves
 + Level 2.4 Dodging
 + Level 2.1 Stealth
 + Level 0.1 Unarmed Combat
 + Level 2.8 Spellcasting
 + Level 5.0 Conjurations
 * Level 2.3 Necromancy
 * Level 1.9 Evocations


You had 4 spell levels left.
You knew the following spells:

 Your Spells              Type           Power      Damage    Failure   Level
a - Magic Dart            Conj           72%        1d6       1%          1
b - Searing Ray           Conj           36%        2d5       1%          2
c - Dazzling Flash        Conj/Hex       20%        N/A       12%         3

Your spell library contained the following spells:

 Spells                   Type           Power      Damage    Failure   Level
 Fulminant Prism          Conj/Hex       5%         3d7       38%         4
 Iskenderun's Mystic Bla  Conj/Tloc      10%        2d4       38%         4
 Animate Dead             Necr           9%         N/A       41%         4
 Iskenderun's Battlesphe  Conj           18%        2d7       38%         5
 Borgnjor's Vile Clutch   Necr/Erth      3%         N/A       91%         5
 Death Channel            Necr           4%         N/A       100%        6
 Iron Shot                Conj/Erth      5%         9d2       100%        6
 Spellforged Servitor     Conj/Summ      5%         N/A       100%        7


Dungeon Overview and Level Annotations

Branches:
Dungeon (4/15)
 Temple: D:4-7

Altars:
Sif Muna
Trog
Xom

Annotations:
D:4 Duvessa


Innate Abilities, Weirdness & Mutations

Your plain brown scales are hard. (AC +6)
You cannot fit into any form of body armour.
You are cold-blooded and may be slowed by cold attacks.
Your flesh is cold resistant. (rC+)
Your flesh is heat resistant. (rF+)
Your spells are a little easier to cast, but a little less powerful.


Message History

Duvessa goes berserk!
The magic dart hits Duvessa.
Duvessa is lightly wounded.
The magic dart hits Duvessa but does no damage.
Duvessa is lightly wounded.
The magic dart hits Duvessa but does no damage.
Duvessa is lightly wounded.
Casting: Magic Dart (safe; 1% risk of failure)
Confirm with . or Enter, or press ? or * to list all spells.
You don't have enough magic to cast this spell.
The magic dart hits Duvessa but does no damage.
Duvessa is lightly wounded.
Duvessa barely misses you.
The magic dart hits Duvessa but does no damage.
Duvessa is lightly wounded.
Duvessa barely misses you. Duvessa misses you.
The magic dart hits Duvessa but does no damage.
Duvessa is lightly wounded.
Duvessa hits you with a +0 short sword!
Your +0 dagger of flaming bursts into flame!
c - a +0 dagger of flaming (weapon)
Duvessa completely misses you.
You hit Duvessa. You burn Duvessa.
Duvessa is lightly wounded.
Duvessa hits you with a +0 short sword!
You closely miss Duvessa.
Duvessa is lightly wounded.
Duvessa hits you but does no damage. Duvessa closely misses you.
You hit Duvessa but do no damage.
Duvessa is lightly wounded.
Duvessa closely misses you.
You hit Duvessa but do no damage.
You tail-slap Duvessa, but do no damage.
Duvessa is lightly wounded.
Duvessa hits you with a +0 short sword! Duvessa hits you with a +0 short sword.
* * * LOW HITPOINT WARNING * * *
As you read the scroll of teleportation, it crumbles to dust.
You feel strangely unstable. Duvessa hits you with a +0 short sword!
You die...
Xom titters!

......#######.........##.####.###
.#...............................
######.....#.........###.#######
#.###.#.........# #)## ...#
#.#.........###..# ####.
..#..............# .
###...............#
##.####....e........#.#
..........@.........#.#
################....#.# #....#..
#....# . #.


You could see Duvessa (berserk).

Vanquished Creatures
  An ogre (D:3)
  Dowan (D:4)
  An orc priest (D:3)
  4 adders
  2 worms (D:3)
  4 dart slugs
  5 orcs
  5 endoplasms
  7 giant cockroaches
  3 hobgoblins
  3 quokkas
  9 ball pythons
  5 bats
  2 frilled lizards (D:2)
  7 goblins
  6 kobolds
  7 rats
72 creatures vanquished.

Notes
Turn   | Place    | Note
-------+----------+-------------------------------------------
     0 | D:1      | gobodom the Draconian Conjurer began the quest for the Orb.
     0 | D:1      | Reached XP level 1. HP: 14/14 MP: 3/3
   411 | D:1      | Reached XP level 2. HP: 14/20 MP: 1/5
   884 | D:1      | Found a faded altar of an unknown god.
   897 | D:1      | Prayed at the altar of an unknown god.
   897 | D:1      | Became a worshipper of Xom of Chaos
  1061 | D:1      | XOM: give mutation
  1061 | D:1      | Gained mutation: You have a pair of small horns on your
                  | head. [Xom's grace]
  1345 | D:1      | Reached XP level 3. HP: 26/26 MP: 4/6
  1785 | D:2      | XOM: give mutations
  1785 | D:2      | Gained mutation: You expend magic power (3 MP) to
                  | strengthen your wands. [Xom's grace]
  1785 | D:2      | Gained mutation: Your natural rate of healing is unusually
                  | fast. [Xom's grace]
  1785 | D:2      | Gained mutation: Your mind is acute. (Int +4, Str/Dex -1)
                  | [Xom's grace]
  1904 | D:2      | Reached skill level 1 in Evocations
  1977 | D:2      | Reached XP level 4. HP: 33/33 MP: 4/7
  2201 | D:2      | XOM: give mutation
  2201 | D:2      | Lost mutation: You expend magic power (3 MP) to strengthen
                  | your wands. [Xom's mischief]
  2359 | D:3      | Learned a level 2 spell: Searing Ray
  2430 | D:3      | Learned a level 3 spell: Dazzling Flash
  2576 | D:3      | Lost mutation: You have a pair of small horns on your head.
                  | [potion of mutation]
  2576 | D:3      | Lost mutation: Your natural rate of healing is unusually
                  | fast. [potion of mutation]
  2576 | D:3      | Lost mutation: Your mind is acute. (Int +4, Str/Dex -1)
                  | [potion of mutation]
  2576 | D:3      | Gained mutation: Your spells are a little easier to cast,
                  | but a little less powerful. [potion of mutation]
  2576 | D:3      | Gained mutation: Your flesh is heat resistant. (rF+)
                  | [potion of mutation]
  2611 | D:3      | XOM: 3-stop teleportation journey
  2719 | D:3      | Noticed an ogre
  2728 | D:3      | Killed an ogre
  2729 | D:3      | Reached skill level 1 in Staves
  2729 | D:3      | Reached XP level 5. HP: 24/39 MP: 1/8
  2762 | D:3      | XOM: 1-stop teleportation journey
  2769 | D:3      | XOM: summons 3 hostile shadow creatures
  3010 | D:3      | Found a bloodstained altar of Trog.
  3027 | D:3      | XOM: give mutation
  3027 | D:3      | Gained mutation: Your flesh is cold resistant. (rC+) [Xom's
                  | mischief]
  3079 | D:3      | Found a shimmering altar of Xom.
  3229 | D:3      | XOM: blink monster(s)
  3390 | D:3      | Found a shimmering blue altar of Sif Muna.
  3714 | D:4      | Noticed Dowan
  3724 | D:4      | Killed Dowan
  3725 | D:4      | Reached skill level 5 in Conjurations
  3725 | D:4      | Reached XP level 6. HP: 41/46 MP: 1/10
  3777 | D:4      | Noticed Duvessa
  3790 | D:4      | Slain by Duvessa

Illustrated notes

Levels and vault maps discovered:
D:1:      roderic_octagonal_star, layout_rooms, ebering_ecumenical_altar_box,
          minmay_shallow_snake_nest
D:2:      layout_basic, kennysheep_cluttered_room
D:3:      layout_basic, lightli_temple_of_fire, nicolae_sif_muna_little_library,
          mainiacjoe_overflow_brackets, minmay_quantized
D:4:      layout_basic, lemuel_tele_altar, minmay_temple_entry_nine_rooms,
          chequers_ossuary_entry_cave, uniq_duvessa, uniq_robin, uniq_edmund

Skill      XL: |  1  2  3  4  5 |
---------------+----------------+-----
Dodging        | 2 |  2.4
Evocations     | 1 |  1.9
Staves         | 1 |  1.8
Stealth        | 2 |  2.1
Necromancy     | 2 |  2.3
Conjurations   | 5 |  5.0
Fighting       | |  0.5
Unarmed Combat | |  0.1
Spellcasting   | |  2.8

Action                   |  1- 3 |  4- 6 || total
-------------------------+-------+-------++-------
Melee: Unarmed           |    25 |       ||    25
       Tailslap          |     3 |     4 ||     7
       Staff             |    12 |    25 ||    37
       Headbutt          |     2 |     2 ||     4
       Dagger            |       |     4 ||     4
 Cast: Magic Dart        |    76 |    70 ||   146
       Searing Ray       |       |     7 ||     7
       Dazzling Flash    |       |     1 ||     1
  Use: Scroll            |     2 |     6 ||     8
       Potion            |     2 |     5 ||     7
 Stab: Invisible         |       |     1 ||     1
Armor: Skin              |    60 |    11 ||    71
Dodge: Dodged            |   124 |    26 ||   150

Table legend: (Time is in decaauts)
 A = Elapsed time spent in this place.
 B = Non-inter-level travel time spent in this place.
 C = Inter-level travel time spent in this place.
 D = Time resting spent in this place.
 E = Time spent auto-exploring this place.
 F = Levels seen in this place.
 G = Mean time per level.
                   A        B        C        D        E       F      G
               +--------+--------+--------+--------+--------+-----+--------+
         Total |   3795 |   3755 |     40 |      8 |   2960 |   4 |  948.8 |
       Dungeon |   3795 |   3755 |     40 |      8 |   2960 |   4 |  948.8 |
               +--------+--------+--------+--------+--------+-----+--------+

Top non-repeatable levels by time:
     D:1: 1493 daAuts
     D:3: 1162 daAuts
     D:2: 797 daAuts
     D:4: 342 daAuts
